 Dungeon Sprint DCSS version 0.17-a0-1718-g72dbe4d (webtiles) character file.

21771 Kidiri the Peltast (level 12, -4/115 HPs)
             Began as a Minotaur Fighter on Aug 25, 2015.
             Was the Champion of Okawaru.
             Killed from afar by a frost giant (45 damage)
             ... with a bolt of cold
             ... in the Dungeon (Sprint VII: "The Pits").
             The game lasted 00:14:33 (3060 turns).

Kidiri the Peltast (Minotaur Fighter)               Turns: 3060, Time: 00:14:33

Health: -4/115     AC: 28    Str: 29    XL:     12   Next: 57%
Magic:  16/21      EV: 19    Int:  5    God:    Okawaru [******]
Gold:   40         SH: 18    Dex: 12    Spells: 0 memorised, 11 levels left

rFire  . . .     SeeInvis .     v - +7 war axe (chop)
rCold  . . .     Clarity  +     s - +4 plate armour
rNeg   . . .     SustAt   .     c - +0 shield
rPois  .         Gourm    .     (helmet unavailable)
rElec  +         Spirit   .     u - +2 cloak
rCorr  .         Warding  .     (no gloves)
rMut   .         NoTele   +     b - +2 pair of boots {Stlth+}
MR     .....                    (no amulet)
Stlth  ..........               f - +3 ring of strength
                                d - +3 ring of evasion

@: lethally poisoned (-4 -> -4), heroism, finesse, not resistant to hostile
enchantments, extremely unstealthy
A: retaliatory headbutt, hooves 1, horns 3, icy blue scales 1, agile 1, clarity,
deformed body, high mp 1, electricity resistance
a: Heroism, Finesse, Renounce Religion


You were in the Dungeon.
You worshipped Okawaru.
Okawaru was exalted by your worship.
You were not hungry.

You visited 1 branch You collected 40 gold pieces.

Inventory:

Hand weapons
 v - a +7 war axe of chopping (weapon)
Armour
 b - a +2 pair of boots of stealth (worn)
 c - a +0 shield (worn)
 s - a +4 plate armour (worn)
 u - a +2 cloak (worn)
 w - a +1 pair of gloves of archery
Jewellery
 d - a +3 ring of evasion (left hand)
 f - a +3 ring of strength (right hand)
 A - an uncursed ring of positive energy
 B - an uncursed ring of see invisible
Scrolls
 k - 3 scrolls of blinking
 o - 3 scrolls of remove curse
 p - 5 scrolls of amnesia
 q - a scroll of summoning
 y - 3 scrolls of fear
Potions
 g - 20 potions of heal wounds
 h - 3 potions of haste
 i - 4 potions of magic
 j - 3 potions of berserk rage
 n - 2 potions of invisibility
 r - 3 potions of curing
 t - 3 potions of cure mutation
 z - 2 potions of brilliance
Comestibles
 a - 9 chunks of flesh
 e - 6 bread rations
 l - 40 fruits
 m - 7 meat rations


   Skills:
 + Level 13.5(18.5) Fighting
 * Level 17.7(22.7) Axes
 * Level 17.9(22.9) Armour
 + Level 12.2(17.2) Dodging
 * Level 18.0(23.0) Shields
 + Level 11.2 Invocations


You had 11 spell levels left.
You didn't know any spells.

Dungeon Overview and Level Annotations

Branches:
Dungeon (1/1)

Altars:
Ashenzari
Cheibriados
Dithmenos
Elyvilon
Fedhas
Gozag
Kikubaaqudgha
Makhleb
Nemelex Xobeh
Okawaru
Qazlal
Ru
Sif Muna
Trog
Vehumet
Xom
Yredelemnul
Zin
The Shining One
Beogh
Jiyva
Lugonu

Annotations:
D Saint Roka


Innate Abilities, Weirdness & Mutations

You reflexively headbutt those who attack you in melee.
You have a pair of large horns on your head.
You have large cloven feet.
You are partially covered in icy blue scales (AC +1).
You are agile. (Dex +2)
You possess an exceptional clarity of mind.
Armour fits poorly on your strangely shaped body.
You have an increased reservoir of magic (+10% MP).
You are resistant to electric shocks.


Message History

You are covered in liquid flames!
You block the redback's attack. You block the frost giant's attack.
Found a +3 dagger of venom.
Items here: ( )) [[ †† You slice the frost giant!!
The frost giant is moderately wounded.
You slash the redback!
The redback is severely wounded.
The redback barely misses you.
You slice the redback!!
You kill the redback!
Okawaru accepts your kill.
You hit the frost giant.
The frost giant is moderately wounded.
You feel sick.
You slash the frost giant!
The frost giant is heavily wounded.
The frost giant points at you and mumbles some strange words.
The bolt of cold hits you!
You die...

#..... +..#.. +..... #.....
#######################..#..
#....................++.....
#........)(..........++.....
#..#######)########..##..#..
#..# #)#@# #..##..... #..#
#m#.#C# #..##..... #..#
#m#)# #o# #..####++# #..#
#Z#.# #h# #..# #..##.#.# #E#
#..# #..################..#
######....................#
____##....................#
____###########++##########


You could see Saint Roka, a frost giant, a hell hog and an air elemental.

Vanquished Creatures
  A ghost moth (D)
  A minotaur (D)
  Erolcha (D)
  4 hell hogs (D)
  A death yak (D)
  A swamp dragon (D)
  A shadow wraith (D)
  A deep troll (D)
  A lindwurm (D)
  3 hill giants (D)
  A phantasmal warrior (D)
  A wolf spider (D)
  An orc sorcerer (D)
  An orc knight (D)
  A guardian serpent (D)
  A cyclops (D)
  5 elephants (D)
  Maurice (D)
  A black mamba (D)
  A kobold demonologist (D)
  2 blue devils (D)
  A troll (D)
  2 hellwings (D)
  A fire drake (D)
  2 red devils (D)
  A freezing wraith (D)
  2 polar bears (D)
  A deep elf priest (D)
  A jumping spider (D)
  A boulder beetle (D)
  4 blink frogs (D)
  A ynoxinul (D)
  2 redbacks (D)
  A spriggan (D)
  A shadow (D)
  A wyvern (D)
  A trapdoor spider (D)
  2 deep elf magi (D)
  6 deep elf fighters (D)
  A wraith (D)
  A hungry ghost (D)
  A hippogriff (D)
  2 wargs (D)
  A porcupine (D)
  Duvessa (D)
  2 orc warriors (D)
  2 centaurs (D)
  2 ogres (D)
  A large abomination (D)
  A gnoll sergeant (D)
  Dowan (D)
  3 killer bees (D)
  A gnoll shaman (D)
  2 worker ants (D)
  4 sheep (D)
  7 gnolls (D)
  A giant eyeball (D)
  An ufetubus (D)
  2 worms (D)
  An adder simulacrum (D)
  A giant gecko (D)
  3 orcs (D)
  A ball python (D)
  A bat skeleton (D)
  A hobgoblin (D)
  A kobold (D)
  A bat (D)
  2 giant newts (D)
  3 quokkas (D)
  2 rats (D)
116 creatures vanquished.

Vanquished Creatures (others)
  A wyvern (D)
  A giant cockroach (D)
2 creatures vanquished.

Grand Total: 118 creatures vanquished

Notes
Turn   | Place    | Note
--------------------------------------------------------------
     0 | D        | Kidiri the Minotaur Fighter began the quest for the Orb.
     0 | D        | Reached XP level 1. HP: 19/19 MP: 0/0
    55 | D        | Found a sacrificial altar of Ru.
    55 | D        | Found a basalt altar of Yredelemnul.
    55 | D        | Found a shadowy altar of Dithmenos.
    55 | D        | Found a deep blue altar of Sif Muna.
    55 | D        | Found a burning altar of Makhleb.
    55 | D        | Found a shimmering altar of Xom.
    55 | D        | Found an ancient bone altar of Kikubaaqudgha.
    55 | D        | Found a sparkling altar of Nemelex Xobeh.
    56 | D        | Found a glowing golden altar of the Shining One.
    56 | D        | Found a bloodstained altar of Trog.
    56 | D        | Found a shattered altar of Ashenzari.
    56 | D        | Found a white marble altar of Elyvilon.
    56 | D        | Found a snail-covered altar of Cheibriados.
    56 | D        | Found a blossoming altar of Fedhas.
    56 | D        | Found a radiant altar of Vehumet.
    56 | D        | Found a glowing silver altar of Zin.
    56 | D        | Found a corrupted altar of Lugonu.
    56 | D        | Found a viscous altar of Jiyva.
    56 | D        | Found a roughly hewn altar of Beogh.
    56 | D        | Found an iron altar of Okawaru.
    62 | D        | Found a stormy altar of Qazlal.
    63 | D        | Found an opulent altar of Gozag.
    65 | D        | Became a worshipper of Warmaster Okawaru
    82 | D        | Reached skill level 4 in Armour
   189 | D        | Reached skill level 1 in Dodging
   189 | D        | Reached XP level 2. HP: 27/27 MP: 1/1
   306 | D        | Reached skill level 1 in Invocations
   377 | D        | Noticed a worker ant
   378 | D        | Noticed a hungry ghost
   379 | D        | Noticed a gnoll shaman
   379 | D        | Noticed a gnoll sergeant
   381 | D        | Reached skill level 5 in Armour
   381 | D        | Reached skill level 5 in Shields
   389 | D        | Killed a worker ant
   389 | D        | Reached XP level 3. HP: 24/34 MP: 1/3
   435 | D        | Killed a hungry ghost
   435 | D        | Acquired Okawaru's first power
   435 | D        | Reached skill level 5 in Fighting
   435 | D        | Reached skill level 6 in Axes
   435 | D        | Reached skill level 7 in Armour
   435 | D        | Reached XP level 4. HP: 29/44 MP: 3/5
   435 | D        | Reached XP level 5. HP: 32/50 MP: 3/6
   440 | D        | Killed a gnoll sergeant
   442 | D        | Killed a gnoll shaman
   442 | D        | Reached skill level 8 in Armour
   442 | D        | Reached XP level 6. HP: 25/57 MP: 3/7
   692 | D        | Noticed an ogre
   695 | D        | Killed an ogre
   695 | D        | Reached skill level 5 in Dodging
   695 | D        | Reached skill level 9 in Shields
   702 | D        | Noticed Duvessa
   702 | D        | Noticed Dowan
   706 | D        | Paralysed by a giant eyeball for 4 turns
   713 | D        | Paralysed by a giant eyeball for 2 turns
   715 | D        | Killed Dowan
   717 | D        | Paralysed by a giant eyeball for 4 turns
   725 | D        | Paralysed by a giant eyeball for 4 turns
   732 | D        | Paralysed by a giant eyeball for 3 turns
   740 | D        | Killed Duvessa
   740 | D        | Reached XP level 7. HP: 28/66 MP: 9/9
   740 | D        | Paralysed by a giant eyeball for 4 turns
   923 | D        | Noticed a wyvern
   923 | D        | Noticed a deep elf fighter
   923 | D        | Noticed a deep elf priest
   923 | D        | Noticed a deep elf fighter
   923 | D        | Noticed a deep elf mage
   923 | D        | Noticed a deep elf fighter
   940 | D        | Killed a wyvern
   940 | D        | Reached skill level 5 in Invocations
   953 | D        | Killed a deep elf fighter
   953 | D        | Reached skill level 10 in Armour
   953 | D        | Reached skill level 10 in Shields
   957 | D        | Killed a deep elf priest
   957 | D        | Reached skill level 10 in Axes
   957 | D        | Reached XP level 8. HP: 23/74 MP: 9/11
   961 | D        | Killed a deep elf fighter
   968 | D        | Killed a deep elf mage
   968 | D        | Reached skill level 11 in Shields
   975 | D        | Killed a deep elf fighter
  1264 | D        | Noticed a hellwing
  1264 | D        | Noticed a porcupine
  1264 | D        | Noticed a guardian serpent
  1265 | D        | Noticed an elephant
  1266 | D        | Noticed an elephant
  1266 | D        | Noticed an elephant
  1266 | D        | Noticed a black mamba
  1268 | D        | Noticed an elephant
  1269 | D        | Killed a porcupine
  1269 | D        | Killed a black mamba
  1286 | D        | Killed a guardian serpent
  1286 | D        | Reached skill level 12 in Armour
  1286 | D        | Reached XP level 9. HP: 36/83 MP: 11/13
  1287 | D        | Killed a hellwing
  1287 | D        | Killed an elephant
  1288 | D        | Killed an elephant
  1288 | D        | Acquired Okawaru's second power
  1289 | D        | Killed an elephant
  1289 | D        | Reached skill level 13 in Armour
  1289 | D        | Killed an elephant
  1289 | D        | Reached skill level 10 in Fighting
  1297 | D        | Noticed an elephant
  1297 | D        | Gained mutation: You are resistant to electric shocks. [mutagenic meat]
  1298 | D        | Gained mutation: Armour fits poorly on your strangely shaped body. [mutagenic meat]
  1299 | D        | Gained mutation: Your spells are a little easier to cast, but a little less powerful. [mutagenic meat]
  1300 | D        | Lost mutation: Your spells are a little easier to cast, but a little less powerful. [mutagenic meat]
  1301 | D        | Gained mutation: You have an increased reservoir of magic (+10% MP). [mutagenic meat]
  1307 | D        | Killed an elephant
  1307 | D        | Reached XP level 10. HP: 33/93 MP: 13/16
  1308 | D        | Gained mutation: You possess an exceptional clarity of mind. [mutagenic meat]
  1557 | D        | Killed a shadow wraith
  1572 | D        | Noticed a hippogriff
  1579 | D        | Killed a hippogriff
  1611 | D        | Noticed a hill giant
  1611 | D        | Noticed a freezing wraith
  1620 | D        | Killed a hill giant
  1620 | D        | Reached skill level 14 in Armour
  1622 | D        | Killed a freezing wraith
  1935 | D        | Noticed a worker ant
  1935 | D        | Noticed a centaur
  1938 | D        | Killed a worker ant
  1939 | D        | Killed a centaur
  1947 | D        | Noticed a wyvern
  1947 | D        | Noticed a hellwing
  1954 | D        | Killed a wyvern
  1964 | D        | Killed a hellwing
  2000 | D        | Noticed Maurice
  2000 | D        | Noticed a hell hog
  2000 | D        | Noticed a hell hog
  2000 | D        | Noticed a hell hog
  2000 | D        | Noticed a jumping spider
  2004 | D        | Killed a hell hog
  2007 | D        | Killed a jumping spider
  2009 | D        | Killed a hell hog
  2013 | D        | Killed a hell hog
  2013 | D        | Received a gift from Okawaru
  2013 | D        | Reached skill level 15 in Armour
  2013 | D        | Reached skill level 10 in Dodging
  2013 | D        | Reached skill level 15 in Shields
  2013 | D        | Reached XP level 11. HP: 74/102 MP: 18/18
  2022 | D        | Killed Maurice
  2240 | D        | Noticed a large abomination
  2240 | D        | Noticed a hill giant
  2245 | D        | Killed a hill giant
  2246 | D        | Killed a large abomination
  2255 | D        | Noticed a fire drake
  2260 | D        | Killed a fire drake
  2260 | D        | Reached skill level 15 in Axes
  2323 | D        | Noticed a killer bee
  2323 | D        | Noticed a killer bee
  2323 | D        | Noticed a killer bee
  2323 | D        | Noticed a cyclops
  2328 | D        | Killed a killer bee
  2333 | D        | Killed a killer bee
  2335 | D        | Killed a killer bee
  2340 | D        | Killed a cyclops
  2344 | D        | Killed a ghost moth
  2348 | D        | Gained mutation: Scrolls take you a little longer to read. [mutagenic meat]
  2349 | D        | Gained mutation: You have a pair of large horns on your head. [mutagenic meat]
  2350 | D        | Gained mutation: You are agile. (Dex +2) [mutagenic meat]
  2351 | D        | Lost mutation: Scrolls take you a little longer to read. [mutagenic meat]
  2352 | D        | Gained mutation: You are partially covered in icy blue scales (AC +1). [mutagenic meat]
  2353 | D        | Gained mutation: You have large cloven feet. [mutagenic meat]
  2482 | D        | Noticed a blue devil
  2482 | D        | Noticed a centaur
  2482 | D        | Noticed a polar bear
  2482 | D        | Noticed a warg
  2483 | D        | Noticed an ogre
  2483 | D        | Noticed a deep troll
  2483 | D        | Noticed a polar bear
  2483 | D        | Noticed a hill giant
  2484 | D        | Noticed a blue devil
  2484 | D        | Noticed an orc warrior
  2487 | D        | Killed an ogre
  2488 | D        | Noticed a shadow
  2491 | D        | Killed a polar bear
  2491 | D        | Killed a warg
  2493 | D        | Noticed an orc knight
  2495 | D        | Killed a blue devil
  2495 | D        | Reached skill level 16 in Shields
  2497 | D        | Noticed a warg
  2498 | D        | Killed an orc warrior
  2500 | D        | Killed a polar bear
  2505 | D        | Killed a hill giant
  2506 | D        | Killed a deep troll
  2506 | D        | Reached skill level 10 in Invocations
  2510 | D        | Killed a blue devil
  2512 | D        | Killed a shadow
  2513 | D        | Killed a centaur
  2514 | D        | Noticed an orc sorcerer
  2515 | D        | Killed a warg
  2519 | D        | Noticed a soul eater
  2520 | D        | Killed an orc knight
  2524 | D        | Killed an orc sorcerer
  2752 | D        | Noticed a kobold demonologist
  2752 | D        | Noticed a red devil
  2756 | D        | Killed a kobold demonologist
  2757 | D        | Killed a red devil
  2767 | D        | Noticed a spriggan
  2767 | D        | Noticed a wolf spider
  2767 | D        | Noticed a boulder beetle
  2772 | D        | Killed a boulder beetle
  2775 | D        | Killed a spriggan
  2776 | D        | Killed a wolf spider
  2776 | D        | Received a gift from Okawaru
  2789 | D        | Noticed a blink frog
  2789 | D        | Noticed a blink frog
  2789 | D        | Noticed a blink frog
  2789 | D        | Noticed a blink frog
  2790 | D        | Noticed a wraith
  2797 | D        | Killed a blink frog
  2797 | D        | Reached XP level 12. HP: 105/113 MP: 17/20
  2798 | D        | Killed a blink frog
  2801 | D        | Killed a wraith
  2803 | D        | Killed a blink frog
  2803 | D        | Reached skill level 17 in Shields
  2806 | D        | Killed a blink frog
  2828 | D        | Noticed a deep elf mage
  2829 | D        | Noticed a deep elf fighter
  2830 | D        | Noticed a deep elf fighter
  2830 | D        | Noticed a deep elf fighter
  2831 | D        | Noticed a troll
  2834 | D        | Killed a deep elf mage
  2838 | D        | Killed a deep elf fighter
  2840 | D        | Killed a deep elf fighter
  2845 | D        | Killed a deep elf fighter
  2846 | D        | Killed a troll
  2866 | D        | Noticed a ynoxinul
  2866 | D        | Noticed a death yak
  2874 | D        | Killed a death yak
  2874 | D        | Killed a ynoxinul
  2878 | D        | Noticed a trapdoor spider
  2882 | D        | Killed a trapdoor spider
  3034 | D        | Noticed a minotaur
  3034 | D        | Noticed a phantasmal warrior
  3034 | D        | Noticed a redback
  3034 | D        | Noticed a merfolk
  3034 | D        | Noticed a swamp dragon
  3034 | D        | Noticed a frost giant
  3034 | D        | Noticed a steam dragon
  3035 | D        | Noticed Erolcha
  3035 | D        | Noticed a hell hog
  3036 | D        | Noticed Saint Roka
  3038 | D        | Killed a phantasmal warrior
  3039 | D        | Noticed an air elemental
  3039 | D        | Killed a minotaur
  3040 | D        | Killed a redback
  3041 | D        | Noticed a hell hog
  3042 | D        | Noticed a red devil
  3045 | D        | Killed Erolcha
  3047 | D        | Killed a red devil
  3048 | D        | Noticed an orc warrior
  3049 | D        | Noticed a merfolk
  3051 | D        | Killed a swamp dragon
  3052 | D        | Noticed a lindwurm
  3053 | D        | Killed a hell hog
  3053 | D        | Received a gift from Okawaru
  3055 | D        | Noticed a merfolk impaler
  3055 | D        | Noticed a hell hog
  3055 | D        | Killed a lindwurm
  3055 | D        | Reached skill level 18 in Shields
  3056 | D        | Killed an orc warrior
  3057 | D        | Noticed a redback
  3059 | D        | Killed a redback
  3060 | D        | Killed from afar by a frost giant

Vault maps used:
D:        pitsprint

Action                   |  1- 3 |  4- 6 |  7- 9 | 10-12 || total
-------------------------+-------+-------+-------+-------++-------
Melee: War axe           |    48 |    41 |    60 |   198 ||   347
Invok: Heroism           |       |     1 |     2 |     7 ||    10
       Finesse           |       |       |       |     6 ||     6
  Use: Potion            |    10 |       |     3 |       ||    13
       Scroll            |       |       |       |     9 ||     9
  Eat: Chunk             |     1 |       |     7 |    10 ||    18
       Bread ration      |     1 |       |       |     1 ||     2
